 Dungeon Crawl Stone Soup version 0.27.0-1-g7a089689b8 (webtiles) character file.

Game seed: 2479931709646272040

63 RepoMan the Cudgeller (level 3, -3/33 HPs)
             Began as a Troll Warper on Aug 16, 2021.
             Killed from afar by a white imp (13 damage)
             ... with a puff of frost
             ... summoned by Natasha
             ... on level 2 of the Dungeon.
             The game lasted 00:07:54 (1016 turns).

RepoMan the Cudgeller (Troll Warper)                Turns: 1016, Time: 00:07:54

Health: -3/33      AC:  4    Str: 19    XL:     3   Next: 89%
Magic:  3/3        EV:  9    Int: 10    God:
Gold:   68         SH:  0    Dex:  9    Spells: 2/4 levels left

rFire    . . .     SeeInvis .   a - +0 mace
rCold    . . .     Faith    .   (no shield)
rNeg     . . .     Spirit   .   b - +0 robe
rPois    .         Reflect  .   (helmet restricted)
rElec    .         Harm     .   (no cloak)
rCorr    .         Rampage  .   (gloves unavailable)
Will     .....                  (boots unavailable)
Stlth    +.........             (no amulet)
HPRegen  1.11/turn              e - ring of wizardry
MPRegen  0.08/turn              (no ring)

@: no status effects
A: large, unfitting armour, claws 3, regeneration 1, shaggy fur 1, tough skin 1
a: no special abilities


You were on level 2 of the Dungeon.
You visited 1 branch of the dungeon, and saw 2 of its levels.

You collected 68 gold pieces.

Inventory:

Hand Weapons
 a - a +0 mace (weapon)
Missiles
 d - 4 boomerangs of dispersal (quivered)
 h - 81 stones
Armour
 b - a +0 robe (worn)
Jewellery
 e - a ring of wizardry (left claw)
Scrolls
 c - a scroll of blinking
 f - a scroll of identify {unknown}
 i - a scroll of vulnerability {unknown}
 k - a scroll of teleportation {unknown}
 m - 2 scrolls of fog {unknown}
Potions
 g - 2 potions of brilliance {unknown}
 j - a potion of degeneration {unknown}
 l - a potion of curing {unknown}


   Skills:
 - Level 1.5 Fighting
 * Level 3.6 Maces & Flails
 - Level 0.8 Throwing
 - Level 1.9 Dodging
 - Level 1.2 Spellcasting
 - Level 2.4 Translocations


You had 2 spell levels left.
You knew the following spells:

 Your Spells              Type           Power      Damage    Failure   Level
b - Blink                 Tloc           N/A        N/A       8%          2

Your spell library contained the following spells:

 Spells                   Type           Power      Damage    Failure   Level
 Sublimation of Blood     Necr           0%         N/A       21%         2
 Gell's Gravitas          Tloc           2%         N/A       16%         3
 Lesser Beckoning         Tloc           2%         N/A       16%         3
 Teleport Other           Tloc           5%         N/A       16%         3
 Petrify                  Tmut/Erth      0%         N/A       77%         4
 Manifold Assault         Tloc           5%         N/A       77%         5
 Irradiate                Conj/Tmut      0%         3d13      97%         5


Dungeon Overview and Level Annotations

Branches:
Dungeon (2/15)

Altars:

Annotations:
D:2 Natasha


Innate Abilities, Weirdness & Mutations

You are too large for most types of armour.
You have claws for hands.
Your natural rate of healing is unusually fast.
You are covered in fur. (AC +1)
You have tough skin. (AC +1)


Message History

The goblin hits you with a +0 dagger.
You hit the goblin.
You kill the goblin!
Things that are here:
a +0 dagger; a goblin corpse; a worm corpse You start resting.
HP restored.
Natasha is nearby!
Natasha hisses angrily.
Natasha stares at you and mumbles some strange words.
The magic dart hits you!
Natasha casts a spell.
Natasha claws you but does no damage. The white imp gestures at you.
The puff of frost hits you!
You hit Natasha.
Natasha is moderately wounded.
Natasha casts a spell at you.
The magic dart hits you but does no damage.
The white imp gestures at you. The puff of frost hits you!
You hit Natasha.
Natasha is moderately wounded.
Natasha casts a spell.
You hit Natasha.
Natasha is heavily wounded.
Natasha stares at you and mumbles some strange words.
The magic dart hits you!
* * * LOW HITPOINT WARNING * * *
The white imp hits you but does no damage.
Unknown command.
Okay, then.
Unknown command.
Unknown command.
You closely miss Natasha.
Natasha is heavily wounded.
Natasha barely misses you. The white imp gestures at you.
The puff of frost hits you!
You die...

..#..###..#.###.####.#
..#.......#.......##.#
###.......#####.#.##.#
# ######### #.#.##.# #
#......# # ###.#### #
###...### ####
#.......# ...#
#.5@..#.# ##.#
#.h####.# ##.# #.. .#
..... ##. .# ##.## #.
.# # #. .# . ## ## ..
##.


You could see Natasha and a white imp (summoned).

Vanquished Creatures
  Natasha (D:2)
  A worm (D:2)
  A dart slug (D:1)
  5 ball pythons (D:1)
  3 bats
  6 endoplasms
  A giant cockroach (D:2)
  2 goblins
  2 hobgoblins (D:1)
  2 jackals (D:1)
  A quokka (D:1)
  A frilled lizard (D:1)
  3 kobolds (D:1)
  A rat (D:2)
30 creatures vanquished.

Notes
Turn   | Place    | Note
-------+----------+-------------------------------------------
     0 | D:1      | RepoMan the Troll Warper began the quest for the Orb.
     0 | D:1      | Reached XP level 1. HP: 19/19 MP: 1/1
    75 | D:1      | Reached skill level 2 in Maces & Flails
   154 | D:1      | Reached XP level 2. HP: 27/27 MP: 2/2
   235 | D:1      | Learned a level 2 spell: Blink
   815 | D:2      | Noticed Natasha
   817 | D:2      | Noticed a crimson imp
   822 | D:2      | Noticed a crimson imp
   828 | D:2      | Killed Natasha
   829 | D:2      | Reached skill level 3 in Maces & Flails
   829 | D:2      | Reached XP level 3. HP: 23/33 MP: 3/3
   912 | D:2      | Found a faded altar of an unknown god.
   922 | D:2      | Noticed Natasha
  1016 | D:2      | Killed from afar by a white imp

Illustrated notes

Levels and vault maps discovered:
D:1:      ncdulo_smallfort, layout_basic
D:2:      layout_loops_cross, shapermc_ecumenical_altar_mp_ritualfount,
          uniq_natasha

Skill      XL: |  1  2 |
---------------+-------+-----
Maces & Flails | 2 3 |  3.6
Fighting       | |  1.5
Throwing       | |  0.8
Dodging        | |  1.9
Spellcasting   | |  1.2
Translocations | |  2.4

Action                   || total
-------------------------++-------
Melee: Mace              ||   115
Throw: Boomerang         ||     1
 Stab: Sleeping          ||     1
Armor: Robe              ||    39
Dodge: Dodged            ||    55
